 Seeded DCSS version 0.30.0-17-ge0270778cf (webtiles) character file.

Game seed: 3207761881167862318 (custom seed)

76 Twinkles the Chopper (level 4, 0/41 HPs)
             Began as a Hill Orc Fighter on May 22, 2023.
             Succumbed to an orc's poison
             ... on level 3 of the Dungeon.
             The game lasted 00:02:33 (1875 turns).

Twinkles the Chopper (Hill Orc Fighter)             Turns: 1875, Time: 00:02:33

Health: 0/41       AC:  7    Str: 20    XL:     4   Next: 32%
Magic:  4/4        EV:  9    Int:  8    God:
Gold:   68         SH:  4    Dex: 10    Spells: 3/3 levels left

rFire   . . .        a - +0 war axe
rCold   . . .        c - +0 buckler
rNeg    . . .        b - +0 scale mail
rPois   .            (no helmet)
rElec   .            (no cloak)
rCorr   .            (no gloves)
SInv    .            (no boots)
Will    .....        (no amulet) Stlth
                     (no ring)
HPRegen 0.26/turn    (no ring)
MPRegen 0.09/turn

%: no passive effects
@: lethally poisoned (0 -> -18)
A: no striking features
a: no special abilities


You were on level 3 of the Dungeon.
You visited 1 branch of the dungeon, and saw 3 of its levels.

You collected 68 gold pieces.

Inventory:

Hand Weapons
 a - a +0 war axe (weapon)
Missiles
 k - 6 poisoned darts (quivered)
Armour
 b - a +0 scale mail (worn)
 c - a +0 buckler (worn)
Wands
 n - a wand of light (2)
Scrolls
 e - 3 scrolls of teleportation {unknown}
 g - a scroll of fear {unknown}
 j - a scroll of noise {unknown}
 l - 2 scrolls of magic mapping {unknown}
 o - 2 scrolls of blinking {unknown}
 q - 2 scrolls of identify {unknown}
 t - a scroll of butterflies {unknown}
Potions
 d - a potion of lignification {unknown}
 f - a potion of curing {unknown}
 h - a potion of flight {unknown}
 i - a potion of berserk rage {unknown}
 m - a potion of heal wounds {unknown}
 p - 2 potions of ambrosia {unknown}
 r - a potion of resistance {unknown}
 s - a potion of cancellation {unknown}
 M - a potion of might


   Skills:
 + Level 4.3 Fighting
 * Level 4.6 Axes
 + Level 3.9 Armour
 - Level 3.3 Shields


You had 3 spell levels left.
You didn't know any spells.
Your spell library contained the following spells:

 Spells                   Type           Power      Damage    Failure   Level
 Summon Small Mammal      Summ           0%         N/A       83%         1
 Cigotuvi's Dreadful Rot  Necr/Pois/Air  0%         N/A       92%         2
 Ensorcelled Hibernation  Hex/Ice        0%         N/A       92%         2
 Passwall                 Tmut/Erth      0%         N/A       92%         2
 Poisonous Vapours        Pois/Air       0%         N/A       92%         2
 Call Canine Familiar     Summ           0%         N/A       99%         3
 Mephitic Cloud           Conj/Pois/Air  0%         N/A       99%         3
 Portal Projectile        Hex/Tloc       0%         N/A       99%         3
 Spider Form              Tmut/Pois      0%         N/A       99%         3
 Summon Guardian Golem    Hex/Summ       0%         N/A       99%         3
 Swiftness                Air            0%         N/A       99%         3
 Tukima's Dance           Hex            0%         N/A       99%         3
 Vampiric Draining        Necr           0%         2d6       99%         3
 Freezing Cloud           Conj/Ice/Air   0%         6-21      100%        5
 Silence                  Hex/Air        0%         N/A       100%        5
 Haunt                    Necr/Summ      0%         N/A       100%        7


Dungeon Overview and Level Annotations

Branches:
Dungeon (3/15) Zot: 16077

Altars:

Shops:
D:3 (


Message History

You slash the orc!
You kill the orc!
You completely miss the orc. You hit the orc.
The orc is almost dead.
You barely miss the orc. The orc hits you with a +0 hand axe.
You block the orc's attack.
You hit the orc.
You kill the orc!
You barely miss the orc. The orc hits you but does no damage.
You barely miss the orc. You miss something. You block the orc's attack.
Something hits you.
You closely miss the orc. You miss something. The orc hits you with a +0 club.
Something hits you but does no damage.
You hit the orc.
The orc is heavily wounded.
You hit something. The orc hits you but does no damage.
You hear some strange, mumbled words.
A magic dart appears from out of thin air!
The magic dart hits you!
You hear some strange, mumbled words.
A magic dart appears from out of thin air!
The magic dart hits you. The orc barely misses you.
You are too injured to fight recklessly!
You miss something. You hit the orc. The orc hits you with a +0 club.
Something hits you.
You miss something. You slash the orc!
You kill the orc!
Something hits you.
The orc hits you with a +0 short sword of venom.
You are poisoned.
Found a scroll labelled TATUNE GOSYNYUZE.
You feel very sick. The orc hits you but does no damage.
You are lethally poisoned!
You hear some strange, mumbled words.
A puff of flame appears from out of thin air!
The puff of flame hits you!
* * * LOW HITPOINT WARNING * * *
You die...

## #.##.###.######.. ...
#.##.# #......
###.###.#..# #.#####
.....#.#..###.##.# #
#.#.#.#.......#....##
#.....#.####...g.....
.###....o.{.........g...
.?.......:.####.........
####..@)### #.......g.
#....# #......... #....#
#........J #....# #....#
######


You could see an orc.

Vanquished Creatures
  A gnoll (D:2)
  A worm (D:2)
  A dart slug (D:2)
  3 orcs (D:3)
  3 endoplasms (D:2)
  6 giant cockroaches
  5 goblins
  4 hobgoblins
  4 jackals (D:1)
  5 kobolds
  4 quokkas
  2 ball pythons (D:1)
  5 bats
  4 frilled lizards
  7 rats
55 creatures vanquished.

Notes
Turn   | Place    | Note
-------+----------+-------------------------------------------
     0 | D:1      | Twinkles the Hill Orc Fighter began the quest for the Orb.
     0 | D:1      | Reached XP level 1. HP: 19/19 MP: 1/1
    55 | D:1      | Reached XP level 2. HP: 23/27 MP: 2/2
   467 | D:1      | Got the Verses on Imprecation and Toxicity
   490 | D:1      | Reached XP level 3. HP: 26/33 MP: 3/3
  1422 | D:2      | Got the Elucidation of the Dead
  1486 | D:3      | Reached XP level 4. HP: 40/40 MP: 4/4
  1777 | D:3      | Found Neizu's Antique Weapon Shop.
  1873 | D:3      | HP: 14/41 [orc/+0 short sword of venom (3)]
  1874 | D:3      | HP: 3/41 [something/puff of flame (8)]
  1875 | D:3      | Succumbed to an orc's poison

Illustrated notes

Levels and vault maps discovered:
D:1:      minmay_arrival_stone_box, layout_basic, minmay_tromino_mix6
D:2:      layout_basic
D:3:      layout_basic, serial_shops, shop

Skill      XL: |  1  2  3 |
---------------+----------+-----
Axes           | 3 4 |  4.6
Fighting       | 4 |  4.3
Armour         | |  3.9
Shields        | |  3.3

Action                     |  1- 3 |  4- 6 || total
---------------------------+-------+-------++-------
  Melee: War axe           |   120 |    21 ||   141
 Armour: Scale mail        |    77 |     5 ||    82
  Dodge: Dodged            |    56 |    10 ||    66
  Block: Buckler           |    31 |     5 ||    36
